 Dungeon Crawl Stone Soup version 0.26-a0-642-g67e99244d3 (webtiles) character file.

Game seed: 5266708553345276706

172 DogServant the Ruffian (level 5, -1/46 HPs)
             Began as a Draconian Transmuter on Sept 22, 2020.
             Killed by divine providence
             ... invoked by an orc priest
              (16 damage)
             ... on level 3 of the Dungeon.
             The game lasted 00:04:22 (3229 turns).

DogServant the Ruffian (Draconian Transmuter)       Turns: 3229, Time: 00:04:24

Health: -1/46      AC:  5    Str: 14    XL:     5   Next: 27%
Magic:  7/8        EV: 12    Int: 13    God:
Gold:   75         SH:  0    Dex: 11    Spells: 4/8 levels left

rFire    + . .     SeeInvis .     - Unarmed
rCold    + . .     Faith    .   (no shield)
rNeg     . . .     Spirit   .   (armour unavailable)
rPois    .         Reflect  .   (helmet restricted)
rElec    .         Harm     .   b - scarf {rC+ rF+}
rCorr    .         Rampage  .   (no gloves)
MR       .....                  (no boots)
Stlth    +.........             (no amulet)
HPRegen  0.15/turn              (no ring)
MPRegen  0.11/turn              (no ring)

@: no status effects
A: unfitting armour, cold-blooded, AC +5
a: no special abilities


You were on level 3 of the Dungeon.
You visited 1 branch of the dungeon, and saw 3 of its levels.

You collected 75 gold pieces.

Inventory:

Armour
 b - a scarf of resistance (worn)
Scrolls
 a - 4 scrolls of identify {unknown}
 c - a scroll of immolation {unknown}
 f - 2 scrolls of enchant armour {unknown}
 g - a scroll of fear {unknown}
 h - a scroll of teleportation {unknown}
 m - a scroll of enchant weapon {unknown}
Potions
 d - a potion of might {unknown}
 e - a potion of cancellation {unknown}
 i - a potion of haste {unknown}
 j - a potion of stabbing {unknown}
 k - 3 potions of curing {unknown}
 l - a potion of lignification {unknown}


   Skills:
 + Level 3.7 Fighting
 - Level 1.7 Dodging
 + Level 4.7 Unarmed Combat
 - Level 2.0 Spellcasting
 + Level 2.2 Transmutations
 + Level 0.5 Poison Magic


You had 4 spell levels left.
You knew the following spells:

 Your Spells              Type           Power        Failure   Level
a - Beastly Appendage     Tmut           #.....       11%         1
b - Spider Form           Tmut/Pois      #.........   41%         3

Your spell library contained the following spells:

 Spells                   Type           Power        Failure   Level
 Wereblood                Tmut           #.......     16%         2
 Ice Form                 Ice/Tmut       #.......     85%         4
 Blade Hands              Tmut           #.........   96%         5


Dungeon Overview and Level Annotations

Branches:
Dungeon (3/15)

Altars:
Cheibriados
Vehumet
Zin


Innate Abilities, Weirdness & Mutations

Your plain brown scales are hard. (AC +5)
You cannot fit into any form of body armour.
You are cold-blooded and may be slowed by cold attacks.


Message History

You hit the orc.
The orc is heavily wounded.
The orc hits you but does no damage.
Your magical contamination has completely faded away.
You barely miss the orc. You claw the orc!
Your tail-slap misses the orc.
The orc is almost dead.
You hit the orc.
You kill the orc!
You hit the orc.
You kill the orc!
You hit the orc priest but do no damage.
You claw the orc priest, but do no damage.
The orc priest hits you.
You hit the orc priest. You claw the orc priest.
Your headbutt misses the orc priest.
The orc priest is heavily wounded.
Your horns disappear.
Your talons disappear.
The orc priest calls down the wrath of Beogh upon you.
Beogh smites you!
You die...

#.......(# #...#
####.###(# #...# #
#.###.#### #...# ##.
..#......# #...# ....
####.#.##.# #...# .....
##.#..##.#####...#
......##.###.#...........
......oo..#.......(......
......##@................
..... ###.##########...#
.... #.#.## #.[.# ###
##..#.#######...#
#...##.#........#
##..#.##.####..<#
###†###.####...#
##.###........#
#......#.##.###


You could see an orc priest and an orc.

Vanquished Creatures
  Natasha (thrice) (D:2)
  2 adders
  2 oozes
  2 worms (D:3)
  2 dart slugs
  4 leopard geckos
  2 orcs (D:3)
  2 giant cockroaches
  4 goblins
  4 hobgoblins
  5 jackals (D:3)
  8 kobolds
  2 quokkas
  6 bats
  5 frilled lizards
  6 rats
59 creatures vanquished.

Notes
Turn   | Place    | Note
-------+----------+-------------------------------------------
     0 | D:1      | DogServant the Draconian Transmuter began the quest for the
                  | Orb.
     0 | D:1      | Reached XP level 1. HP: 16/16 MP: 3/3
     6 | D:1      | Noticed a killer bee
     6 | D:1      | Noticed a hog
     6 | D:1      | Noticed a polar bear
     6 | D:1      | Noticed a water moccasin
     6 | D:1      | Noticed a swamp drake
   194 | D:1      | Reached XP level 2. HP: 23/23 MP: 3/5
  1126 | D:2      | Reached XP level 3. HP: 25/29 MP: 6/6
  1529 | D:2      | Noticed Natasha
  1534 | D:2      | Reached skill level 4 in Unarmed Combat
  1546 | D:2      | Killed Natasha
  1546 | D:2      | Reached XP level 4. HP: 11/37 MP: 5/7
  1767 | D:2      | Found a snail-covered altar of Cheibriados.
  1776 | D:2      | Noticed Natasha
  1793 | D:2      | Killed Natasha
  1812 | D:2      | Noticed Natasha
  1852 | D:2      | Killed Natasha
  2456 | D:3      | Found a glowing silver altar of Zin.
  2458 | D:3      | Found a radiant altar of Vehumet.
  2470 | D:3      | Reached XP level 5. HP: 16/45 MP: 6/8
  2764 | D:3      | Learned a level 3 spell: Spider Form
  3229 | D:3      | Killed from afar by an orc priest

Illustrated notes

Levels and vault maps discovered:
D:1:      onia_arrival_zoo_common, layout_basic, minivault_4, item_on_display_a
D:2:      layout_rooms, cheibriados_altar_1, uniq_natasha
D:3:      layout_loops_cross, gammafunk_temple_overflow_statue

Skill      XL: |  1  2  3  4 |
---------------+-------------+-----
Fighting       | 2 3 |  3.7
Unarmed Combat | 4 |  4.7
Dodging        | |  1.7
Spellcasting   | |  2.0
Transmutations | |  2.2
Poison Magic   | |  0.5

Action                   |  1- 3 |  4- 6 || total
-------------------------+-------+-------++-------
Melee: Unarmed           |    92 |    97 ||   189
       Kick              |    13 |    15 ||    28
       Tailslap          |     6 |    10 ||    16
       Headbutt          |    10 |     8 ||    18
       Punch             |     2 |     2 ||     4
 Cast: Beastly Appendage |    15 |    15 ||    30
 Stab: Distracted        |     1 |       ||     1
       Sleeping          |       |     1 ||     1
Armor: Skin              |    16 |    23 ||    39
Dodge: Dodged            |    48 |    43 ||    91

Table legend: (Time is in decaauts)
 A = Elapsed time spent in this place.
 B = Non-inter-level travel time spent in this place.
 C = Inter-level travel time spent in this place.
 D = Time resting spent in this place.
 E = Time spent auto-exploring this place.
 F = Levels seen in this place.
 G = Mean time per level.
                   A        B        C        D        E       F      G
               +--------+--------+--------+--------+--------+-----+--------+
         Total |   3215 |   3115 |    100 |    719 |   2001 |   3 | 1071.7 |
       Dungeon |   3215 |   3115 |    100 |    719 |   2001 |   3 | 1071.7 |
               +--------+--------+--------+--------+--------+-----+--------+

Top non-repeatable levels by time:
     D:2: 1213 daAuts
     D:1: 1102 daAuts
     D:3: 899 daAuts
